 Dungeon Crawl Stone Soup version 0.30-a0-305-g026cb31310 (webtiles) character file.

Game seed: 16541403190235421668

115 koil the Sneak (level 4, -6/23 HPs)
             Began as a Spriggan Brigand on Oct 22, 2022.
             Mangled by a gnoll
             ... wielding a +0 spear
              (7 damage)
             ... on level 3 of the Dungeon.
             The game lasted 00:06:04 (2175 turns).

koil the Sneak (Spriggan Brigand)                   Turns: 2175, Time: 00:06:05

Health: -6/23      AC:  3    Str:  7    XL:     4   Next: 68%
Magic:  0/7        EV: 17    Int: 14    God:
Gold:   220        SH:  0    Dex: 16    Spells: 3/6 levels left

rFire   . . .      SeeInvis +    a - +2 dagger
rCold   . . .      Faith    .    (no shield)
rNeg    . . .      Spirit   +    p - +0 robe
rPois   .          Reflect  .    (helmet restricted)
rElec   .          Harm     .    c - +0 cloak
rCorr   .          Rampage  .    (gloves unavailable)
Will    .....                    (boots unavailable)
Stlth   +++.......               j - amulet of guardian spirit
HPRegen 0.23/turn                (no ring)
MPRegen 0.10/turn                (no ring)

@: very quick
A: very small, no large weapons, unfitting armour, see invisible, speed 3
a: no special abilities


You were on level 3 of the Dungeon.
You visited 1 branch of the dungeon, and saw 3 of its levels.

You collected 220 gold pieces.

Inventory:

Hand Weapons
 a - a +2 dagger (weapon)
 m - a +0 dagger of flaming
Missiles
 d - 9 poisoned darts (quivered)
 e - 3 curare-tipped darts
Armour
 c - a +0 cloak (worn)
 p - a +0 robe (worn)
Jewellery
 j - an amulet of guardian spirit (around neck)
Scrolls
 b - a scroll of enchant armour {unknown}
 g - 5 scrolls of identify {unknown}
 h - 2 scrolls of fog {unknown}
 l - a scroll of vulnerability {unknown}
 q - a scroll of fear {unknown}
Potions
 f - 3 potions of ambrosia {unknown}
 i - a potion of haste {unknown}
 k - a potion of curing {unknown}
 n - 2 potions of heal wounds {unknown}
 o - a potion of attraction {unknown}


   Skills:
 + Level 2.2 Fighting
 + Level 3.1 Short Blades
 - Level 2.0 Throwing
 + Level 2.7 Dodging
 + Level 6.6 Stealth
 + Level 1.9 Spellcasting
 + Level 1.2 Hexes


You had 3 spell levels left.
You knew the following spells:

 Your Spells              Type           Power      Damage    Failure   Level
a - Confusing Touch       Hex            4%         N/A       38%         3

Your spell library contained the following spells:

 Spells                   Type           Power      Damage    Failure   Level
 Slow                     Hex            16%        N/A       14%         1
 Cigotuvi's Dreadful Rot  Necr/Pois/Air  2%         N/A       36%         2
 Poisonous Vapours        Pois/Air       2%         N/A       36%         2
 Mephitic Cloud           Conj/Pois/Air  1%         N/A       58%         3
 Vampiric Draining        Necr           1%         2d6       58%         3
 Passage of Golubria      Tloc           1%         N/A       94%         4
 Silence                  Hex/Air        1%         N/A       99%         5
 Lehudib's Crystal Spear  Conj/Erth      0%         10d2      100%        8


Dungeon Overview and Level Annotations

Branches:
Dungeon (3/15)

Altars:
Hepliaklqana

Shops:
D:2 :

Annotations:
D:3 1 transporter, sleeves's ghost, amateur OgWr


Innate Abilities, Weirdness & Mutations

You are very small and have problems with some larger weapons.
You are too small for most types of armour.
You have supernaturally acute eyesight. (SInv)
You cover ground extremely quickly. (Speed+++)


Message History

t - Shout!
Orders for allies: a - Attack new target. r - Retreat! s - Stop attacking. g - Guard the area. f - Follow me.
Anything else - Cancel.
You shout for attention!
What are your orders? t - Shout!
Orders for allies: a - Attack new target. r - Retreat! s - Stop attacking. g - Guard the area. f - Follow me.
Anything else - Cancel.
Okay, then.
Unknown command.
Unknown command.
Unknown command.
Unknown command.
There is a transporter here.
You enter the transporter and appear at another place.
Sleeves's ghost (amateur Ogre Warper) comes into view.
The gnoll throws a throwing net.
The throwing net hits you.
You become entangled in the net!
You see here a throwing net.
You tear a large gash into the net.
The gnoll bouda barks out a call to the hunt!
The gnolls pick up the pace!
The gnoll shouts!
You struggle against the net.
The gnoll hits you from afar with a +1 halberd of venom.
The gnoll hits you from afar with a +0 spear.
You struggle against the net.
The gnoll bouda barks out a call to the hunt!
The gnoll picks up the pace!
The gnoll hits you from afar with a +1 halberd of venom!
The gnoll closely misses you.
You rip the net and break free!
The gnoll hits you from afar with a +1 halberd of venom!
* * * LOW HITPOINT WARNING * * *
The gnoll hits you from afar with a +0 spear!
You die...

#...######........##.########...
#...............................
#..≈≈≈≈≈≈≈≈≈≈≈≈~≈≈≈≈≈≈≈≈≈≈≈≈...#
#..≈≈≈≈≈≈≈≈≈≈≈≈~≈≈≈≈≈≈≈≈≈≈≈≈.###
#..≈≈#####.........[.#####≈≈.#
#..≈≈#.#.#.###.©.###.#.#.#≈≈.###
#..≈≈#...###©#####.###...#≈≈.##.
#..≈≈###.....gg........###≈≈..#.
#..≈≈.8#.##+###@######.#8.≈≈....
#..≈≈.##.#...#..8# #.##.≈≈....
#..~~.#g.'...ggg⌠# .'..#.~~.##.
##.≈≈.##.#...#gg8# ..#.##.≈≈....
#.≈≈.8#.##'###'######.#8.≈≈.#..
#.≈≈###...............###≈≈.#.#
#.≈≈#...###g#####.###...#≈≈....
#.≈≈#g#.#.###.©.###(#.#.#≈≈....
#.≈≈#####...........#####≈≈....


You could see a gnoll sergeant (swift), a gnoll bouda and 5 gnolls.

Vanquished Creatures
  An orc priest (D:3)
  3 adders
  A dart slug (D:1)
  3 orcs (D:3)
  2 ball pythons
  3 endoplasms
  3 giant cockroaches
  5 goblins
  3 hobgoblins
  10 jackals
  A quokka (D:1)
  4 bats
  A frilled lizard (D:1)
  4 kobolds
  7 rats
51 creatures vanquished.

Vanquished Creatures (others)
  6 plants (D:3)
6 creatures vanquished.

Grand Total: 57 creatures vanquished

Notes
Turn   | Place    | Note
-------+----------+-------------------------------------------
     0 | D:1      | koil the Spriggan Brigand began the quest for the Orb.
     0 | D:1      | Reached XP level 1. HP: 10/10 MP: 2/2
    56 | D:1      | Reached skill level 6 in Stealth
    58 | D:1      | Reached XP level 2. HP: 10/15 MP: 2/4
   120 | D:1      | Reached skill level 1 in Spellcasting
   402 | D:1      | Reached XP level 3. HP: 18/18 MP: 5/5
   406 | D:1      | Learned a level 3 spell: Confusing Touch
   902 | D:2      | Found Loiwa's Vocational Training.
   928 | D:2      | Found a faded altar of an unknown god.
  1348 | D:3      | Found a transporter.
  1532 | D:3      | Found a hazy altar of Hepliaklqana.
  1570 | D:3      | Identified the +8 trident of the Evening {venom, Str+4
                  | Int+4 SInv}
  1570 | D:3      | Identified the +0 scale mail "Jikhlo" {rCorr Int+3}
  1570 | D:3      | Noticed a gnoll sergeant
  1573 | D:3      | Reached XP level 4. HP: 22/23 MP: 7/7
  1794 | D:3      | Found a transporter.
  1837 | D:3      | Reached skill level 1 in Hexes
  2169 | D:3      | Noticed sleeves's ghost (amateur OgWr)
  2174 | D:3      | HP: 1/23 [gnoll/+1 halberd of venom (8)]
  2175 | D:3      | Mangled by a gnoll

Illustrated notes

Levels and vault maps discovered:
D:1:      nicolae_arrival_memento_mori, layout_loops_ring
D:2:      layout_loops_cross, ebering_ecumenical_altar_ruins,
          kennysheep_cluttered_room, nicolae_shop_vocational
D:3:      layout_loops_cross, lemuel_tele_altar, gammafunk_ghost_gnarly_gnolls

Skill      XL: |  1  2  3  4 |
---------------+-------------+-----
Stealth        | 6 |  6.6
Spellcasting   | 1 |  1.9
Dodging        | 2 |  2.7
Fighting       | 2 |  2.2
Short Blades   | 3 |  3.1
Hexes          | 1 |  1.2
Throwing       | |  2.0

Action                   |  1- 3 |  4- 6 || total
-------------------------+-------+-------++-------
Melee: Dagger            |   151 |    21 ||   172
       Punch             |     1 |       ||     1
Throw: Dart              |       |     5 ||     5
 Stab: Sleeping          |    13 |     2 ||    15
Armor: Robe              |    22 |     2 ||    24
Dodge: Dodged            |    95 |    13 ||   108

Table legend: (Time is in decaauts)
 A = Elapsed time spent in this place.
 B = Non-inter-level travel time spent in this place.
 C = Inter-level travel time spent in this place.
 D = Time resting spent in this place.
 E = Time spent auto-exploring this place.
 F = Levels seen in this place.
 G = Mean time per level.
                   A        B        C        D        E       F      G
               +--------+--------+--------+--------+--------+-----+--------+
         Total |   1437 |   1393 |     44 |     29 |    976 |   3 |  479.0 |
       Dungeon |   1437 |   1393 |     44 |     29 |    976 |   3 |  479.0 |
               +--------+--------+--------+--------+--------+-----+--------+

Top non-repeatable levels by time:
     D:3: 554 daAuts
     D:1: 486 daAuts
     D:2: 396 daAuts
